 Dungeon Crawl Stone Soup version 0.32-a0-918-g0f22ef8d61 (webtiles) character file.

Game seed: 3223950170047966240

43 RotoRooter the Grave Robber (level 3, 0/24 HPs)
             Began as a Mummy Necromancer on Apr 11, 2024.
             Slain by Terence
             ... wielding a +0 flail
              (9 damage)
             ... on level 2 of the Dungeon.
             The game lasted 00:07:38 (1318 turns).

RotoRooter the Grave Robber (Mummy Necromancer)     Turns: 1318, Time: 00:07:38

Health: 0/24       AC:  2    Str: 11    XL:     3   Next: 37%
Magic:  2/7        EV: 11    Int: 16    God:
Gold:   81         SH:  0    Dex: 12    Spells: 3/7 levels left

rFire   x . .        f - 3 boomerangs
rCold   + . .        (no shield)
rNeg    + + +        a - +0 robe
rPois   ∞            (no helmet)
rElec   .            (no cloak)
rCorr   .            (no gloves)
SInv    .            (no boots)
Will    .....        (no amulet)
Stlth   ++           (no ring)
HPRegen 0.24/turn    (no ring)
MPRegen 0.10/turn

%: faith
@: very slightly contaminated
A: cold resistance 1, negative energy resistance 3, torment resistance 2, heat
vulnerability 1, in touch with death 1, no potions, faith
a: no special abilities


You were on level 2 of the Dungeon.
You visited 1 branch of the dungeon, and saw 2 of its levels.

You collected 81 gold pieces.

Inventory:

Hand Weapons
 c - a +0 spear of venom
 d - a +2 short sword of holy wrath
Missiles
 f - 3 boomerangs (in hand)
 g - 5 curare-tipped darts
Armour
 a - a +0 robe (worn)
Wands
 i - a wand of mindburst (15)
Scrolls
 b - 2 scrolls of identify {unknown}
 e - 2 scrolls of summoning {unknown}
 h - a scroll of enchant weapon {unknown}


   Skills:
 - Level 1.6 Dodging
 - Level 1.7 Stealth
 + Level 2.9 Spellcasting
 + Level 0.1 Hexes
 + Level 5.0 Necromancy


You had 3 spell levels left.
You knew the following spells:

 Your Spells              Type           Power      Damage    Failure   Level
a - Necrotise             Necr           100%       1d9       2%          1
b - Sigil of Binding      Hex            2%         N/A       47%         3

Your spell library contained the following spells:

 Spells                   Type           Power      Damage    Failure   Level
 Vampiric Draining        Necr           27%        2d7       7%          3
 Call Canine Familiar     Summ           2%         N/A       50%         3
 Inner Flame              Hex/Fire       2%         N/A       50%         3
 Animate Dead             Necr           27%        N/A       24%         4
 Curse of Agony           Necr           27%        N/A       54%         5
 Dimensional Bullseye     Hex/Tloc       1%         N/A       88%         4
 Irradiate                Conj/Alch      1%         3d12      99%         5
 Ignition                 Fire           1%         3d3       100%        8


Dungeon Overview and Level Annotations

Branches:
Dungeon (2/15)

Altars:

Annotations:
D:2 Terence


Innate Abilities, Weirdness & Mutations

You are immune to poison.
Your flesh is cold resistant. (rC+)
You are immune to negative energy. (rN+++)
You are immune to unholy pain and torment.
You are vulnerable to heat. (rF-)
You are in touch with the powers of death.
You do not drink.
You have a special connection with the divine. (Faith)


Message History

Aiming: Necrotise (safe; 2% risk of failure)
Press: ? - help, Shift-Dir - straight line, f/p - kobold
Aim: a kobold, wielding a +0 short sword and quivering stones (moderately wounded, chance to affect: 93%)
You feel a surge of power!
The kobold writhes in agony!
You kill the kobold!
Casting: Necrotise (safe; 2% risk of failure)
Confirm with . or Enter, or press ? or * to list all spells.
Aiming: Necrotise (safe; 2% risk of failure)
Press: ? - help, Shift-Dir - straight line, f - Terence
Aim: Terence, wielding a +0 flail and wearing a +0 scale mail (chance to affect: 88%)
You feel a surge of power!
Terence writhes in agony.
Casting: Necrotise (safe; 2% risk of failure)
Confirm with . or Enter, or press ? or * to list all spells.
Aiming: Necrotise (safe; 2% risk of failure)
Press: ? - help, Shift-Dir - straight line, f/p - Terence
Aim: Terence, wielding a +0 flail and wearing a +0 scale mail (lightly wounded, chance to affect: 88%)
You feel a surge of power!
Terence writhes in agony.
Casting: Necrotise (safe; 2% risk of failure)
Confirm with . or Enter, or press ? or * to list all spells.
You miscast Sigil of Binding.
You are very lightly contaminated with residual magic.
The air around you crackles with energy.
You feel yourself slow down.
Unknown command.
Casting: Sigil of Binding (astonishingly dangerous; 47% risk of failure)
Confirm with . or Enter, or press ? or * to list all spells.
You don't have enough magic to cast this spell.
Unknown command.
Terence attacks as he pursues you! Terence barely misses you.
Terence closely misses you.
There is a stone staircase leading down here.
Terence attacks as he pursues you! Terence closely misses you.
Terence attacks as he pursues you! Terence hits you with a +0 flail!
Terence barely misses you. Terence hits you with a +0 flail.
You feel yourself speed up. Terence attacks as he pursues you!
Terence closely misses you. Terence attacks as he pursues you!
Terence hits you with a +0 flail!
You die...
Terence says, "Rest in peace."

#Z# ##.## #.#
##...## #.#
##.###.# #.#
#..# #.# #.#
#..###.#
#Z######
#.#...##
#....g.#
#####.#####
######.###.....#
#.@@..#####
#######


You could see Terence and a goblin.

Vanquished Creatures
  6 bats
  4 endoplasms (D:1)
  6 goblins (D:1)
  A hobgoblin (D:1)
  6 kobolds
  3 quokkas
  3 ball pythons (D:1)
  A frilled lizard (D:2)
  5 rats (D:1)
35 creatures vanquished.

Vanquished Creatures (collateral kills)
  A giant cockroach (D:1)
  2 goblins (D:1)
  A kobold (D:1)
4 creatures vanquished.

Grand Total: 39 creatures vanquished

Notes
Turn   | Place    | Note
-------+----------+-------------------------------------------
     0 | D:1      | RotoRooter the Mummy Necromancer began the quest for the
                  | Orb.
     0 | D:1      | Reached XP level 1. HP: 13/13 MP: 4/4
   162 | D:1      | Reached XP level 2. HP: 17/19 MP: 1/5
   613 | D:1      | Reached XP level 3. HP: 24/24 MP: 4/7
   617 | D:1      | Learned a level 3 spell: Sigil of Binding
   965 | D:1      | Reached skill level 5 in Necromancy
  1299 | D:2      | Noticed Terence
  1318 | D:2      | Slain by Terence

Illustrated notes

Levels and vault maps discovered:
D:1:      dpeg_arrival_subterranean_lakeside_camping, layout_loops_corners
D:2:      layout_loops_cross, basic_altar, nicolae_elevator_lobby_plus,
          uniq_terence, uniq_sigmund, uniq_crazy_yiuf_cottage

Skill      XL: |  1  2  3 |
---------------+----------+-----
Necromancy     | 5 |  5.0
Dodging        | |  1.6
Stealth        | |  1.7
Spellcasting   | |  2.9
Hexes          | |  0.1

Action                     || total
---------------------------++-------
  Melee: Unarmed           ||    13
         Spear             ||    12
   Cast: Necrotise         ||    56
 Armour: Robe              ||    19
  Dodge: Dodged            ||    26

Table legend: (Time is in decaauts)
 A = Elapsed time spent in this place.
 B = Non-inter-level travel time spent in this place.
 C = Inter-level travel time spent in this place.
 D = Time resting spent in this place.
 E = Time spent auto-exploring this place.
 F = Levels seen in this place.
 G = Mean time per level.
                   A        B        C        D        E       F      G
               +--------+--------+--------+--------+--------+-----+--------+
         Total |   1323 |   1303 |     20 |      0 |    921 |   2 |  661.5 |
       Dungeon |   1323 |   1303 |     20 |      0 |    921 |   2 |  661.5 |
               +--------+--------+--------+--------+--------+-----+--------+

Top non-repeatable levels by time:
     D:1: 1179 daAuts
     D:2: 144 daAuts
